 Seeded DCSS version 0.25-a0-464-g3004169 (webtiles) character file.

Game seed: 6182461587212440505, levelgen mode: deterministic

13 Ayyar the Bolt Thrower (level 2, 0/23 HPs)
             Began as a Barachi Hunter on Feb 3, 2020.
             Succumbed to an adder's poison
             ... on level 1 of the Dungeon.
             The game lasted 00:01:03 (86 turns).

Ayyar the Bolt Thrower (Barachi Hunter)               Turns: 86, Time: 00:01:03

Health: 0/23       AC:  3    Str: 13    XL:     2   Next: 37%
Magic:  2/2        EV: 12    Int: 11    God:
Gold:   0          SH:  0    Dex: 12    Spells: 1/1 levels left

rFire    . . .     SeeInvis .   a - +1 hand crossbow
rCold    . . .     Gourm    .   (no shield)
rNeg     . . .     Faith    .   c - +0 leather armour
rPois    .         Spirit   .   (no helmet)
rElec    .         Reflect  .   (no cloak)
rCorr    .         Harm     .   (no gloves)
MR       .....                  (no boots)
Stlth    +.........             (no amulet)
HPRegen  0.07/turn              (no ring)
MPRegen  0.08/turn              (no ring)

@: lethally poisoned (0 -> -3), slow
A: +LOS, swims, slowness 1, strong legs 1
a: Hop


You were on level 1 of the Dungeon.
You were not hungry.

You visited 1 branch of the dungeon, and saw 2 of its levels.

Inventory:

Hand Weapons
 a - a +1 hand crossbow (weapon)
 b - a +0 short sword
Missiles
 d - 9 bolts (quivered)
Armour
 c - a +0 leather armour (worn)
Scrolls
 e - a scroll of identify {unknown}
Comestibles
 f - 2 rations


   Skills:
 + Level 2.7 Fighting
 + Level 4.1 Crossbows
 + Level 2.5 Dodging
 + Level 1.3 Stealth


You had one spell level left.
You didn't know any spells.
Your spell library was empty.

Dungeon Overview and Level Annotations

Branches:
Dungeon (2/15)

Altars:


Innate Abilities, Weirdness & Mutations

You can be seen from farther away. (+LOS)
You can swim through water.
You cover ground slowly.
You can hop short distances.


Message History

Press: ? - help, Shift-Dir - straight line, f - goblin
Aim: a goblin, wielding a +0 dagger You shoot a bolt.
The bolt hits the goblin.
The goblin is heavily wounded.
You feel sick. The goblin barely misses you.
Firing (i - inventory)
d - 11 bolts (quivered)
Press: ? - help, Shift-Dir - straight line, f/p - goblin
Aim: a goblin, wielding a +0 dagger (heavily wounded)
You shoot a bolt. The bolt closely misses the goblin.
The goblin hits you with a +0 dagger.
* * * LOW HITPOINT WARNING * * *
The goblin hits you with a +0 dagger.
* * * LOW HITPOINT WARNING * * *
Firing (i - inventory)
d - 10 bolts (quivered)
Press: ? - help, Shift-Dir - straight line, f/p - goblin
Aim: a goblin, wielding a +0 dagger (heavily wounded)
You shoot a bolt. The bolt hits the goblin!
You kill the goblin!
You aren't carrying any potions.
You die...

.# .# .# .# .# .#
.# .# .#
.###############.#
(..............@(#
#.....#######.###.#
......# # .#
......# .# .....(#
.# !.(# .#
.+########## ..
.8.≈≈≈≈≈≈≈≈## ##
#.≈≈≈.....≈≈#


There were no monsters in sight!

Vanquished Creatures
  An adder (D:1)
  2 goblins (D:1)
  A bat (D:2)
  A kobold (D:1)
5 creatures vanquished.

Notes
Turn   | Place    | Note
-------+----------+-------------------------------------------
     0 | D:1      | Ayyar the Barachi Hunter began the quest for the Orb.
     0 | D:1      | Reached XP level 1. HP: 17/17 MP: 1/1
     8 | D:1      | Reached skill level 1 in Stealth
     9 | D:1      | You fall into a shaft and drop 1 floor!
    82 | D:1      | Reached XP level 2. HP: 9/23 MP: 2/2
    84 | D:1      | HP: 1/23 [goblin/+0 dagger (4)]
    86 | D:1      | Succumbed to an adder's poison

Levels and vault maps discovered:
D:1:      psy_arrival_whirlpool, layout_basic
D:2:      layout_basic, minmay_overflow_temple_star_hex, uniq_terence

Skill      XL: |  1 |
---------------+----+-----
Stealth        | 1 |  1.3
Fighting       | |  2.7
Crossbows      | |  4.1
Dodging        | |  2.5

Action                   || total
-------------------------++-------
 Fire: Hand crossbow     ||    12
Armor: Leather armour    ||     4
Dodge: Dodged            ||     7

Table legend:
 A = Non-vault XP
 B = Vault XP
 C = Vault XP percentage of total XP
 D = Non-vault monster count
 E = Vault monster count
 F = Vault count percentage of total count
                 A         B        C        D         E       F
            +---------+---------+-------+---------+---------+-------
      Total |      19 |       0 |   0.0 |       5 |       0 |   0.0
            +---------+---------+-------+---------+---------+-------
        D:1 |      18 |       0 |   0.0 |       4 |       0 |   0.0
        D:2 |       1 |       0 |   0.0 |       1 |       0 |   0.0
            +---------+---------+-------+---------+---------+-------
